 Dungeon Crawl Stone Soup version 0.30-a0-782-ge64f9170bb (webtiles) character file.

Game seed: 2954398231353998796

93 theswoord the Chopper (level 4, -1/33 HPs)
             Began as a Demonspawn Gladiator on Feb 23, 2023.
             Slain by a water moccasin (8 damage)
             ... on level 3 of the Dungeon.
             The game lasted 00:02:01 (1881 turns).

theswoord the Chopper (Demonspawn Gladiator)        Turns: 1881, Time: 00:02:01

Health: -1/33      AC:  6    Str: 16    XL:     4   Next: 36%
Magic:  13/13      EV: 12    Int:  9    God:
Gold:   172        SH:  0    Dex: 15    Spells: 3/3 levels left

rFire   . . .      SeeInvis .    a - +1 war axe
rCold   . . .      Faith    .    (no shield)
rNeg    . . .      Spirit   .    b - +0 leather armour
rPois   .          Reflect  .    k - +2 helmet
rElec   .          Harm     .    (no cloak)
rCorr   .          Rampage  .    (no gloves)
Will    .....                    (no boots)
Stlth   +                        (no amulet)
HPRegen 0.25/turn                g - ring of magical power
MPRegen 0.13/turn                (no ring)

@: no status effects
A: demonic guardian 1, weakness stinger 2
a: no special abilities


You were on level 3 of the Dungeon.
You visited 1 branch of the dungeon, and saw 3 of its levels.

You collected 172 gold pieces.

Inventory:

Hand Weapons
 a - a +1 war axe (weapon)
 h - a +0 whip
Missiles
 e - a javelin (quivered)
 o - 2 throwing nets
Armour
 b - a +0 leather armour (worn)
 c - a +0 helmet
 d - a +0 cloak
 k - a +2 helmet (worn)
Jewellery
 g - a ring of magical power (left hand)
 n - an amulet of reflection
Scrolls
 m - a scroll of teleportation
Potions
 f - 2 potions of curing
 i - a potion of haste {unknown}
 j - a potion of might
 l - a potion of lignification {unknown}


   Skills:
 - Level 2.0 Fighting
 + Level 4.7 Axes
 - Level 1.7 Throwing
 - Level 2.6 Dodging


You had 3 spell levels left.
You didn't know any spells.
Your spell library was empty.

Dungeon Overview and Level Annotations

Branches:
Dungeon (3/15)

Altars:


Innate Abilities, Weirdness & Mutations

A weak demonic guardian rushes to your aid.
You have a tail ending in a sharp stinger.


Message History

You hit the water moccasin but do no damage.
The water moccasin closely misses you. x2
You hit the water moccasin but do no damage.
The water moccasin bites you.
You are poisoned.
The water moccasin poisons you! The water moccasin bites you.
You slash the water moccasin!
You feel very sick.
The water moccasin bites you but does no damage. x2
You hit the water moccasin.
Your tail-slap misses the water moccasin.
You feel sick. The water moccasin bites you!
* * * LOW HITPOINT WARNING * * *
You miss the water moccasin.
* * * LOW HITPOINT WARNING * * *
You feel very sick.
The water moccasin bites you but does no damage.
The water moccasin bites you.
* * * LOW HITPOINT WARNING * * *
A demonic guardian appears!
You hit the water moccasin but do no damage.
* * * LOW HITPOINT WARNING * * *
You feel sick. The water moccasin closely misses you.
Your quasit bites the water moccasin.
Your quasit misses the water moccasin.
Your quasit claws the water moccasin.
The water moccasin misses your quasit.
It was a potion of curing.
You feel better.
Your quasit bites the water moccasin but does no damage.
Your quasit claws the water moccasin.
Your quasit closely misses the water moccasin.
The water moccasin bites your quasit but does no damage.
You closely miss the water moccasin. The water moccasin bites you.
* * * LOW HITPOINT WARNING * * *
Your quasit barely misses the water moccasin. x2
Your quasit claws the water moccasin.
The water moccasin barely misses your quasit.
Your quasit bites the water moccasin but does no damage.
Your quasit closely misses the water moccasin.
Your quasit misses the water moccasin. You miss the water moccasin.
The water moccasin bites you!
You die...

#..#.#.
...... #
###..#.##.#
#..........
#.#......
#.#5...
#.##S#
#...@#
#..### #..#
#..# #..#
#... ##.##
#.# .#


You could see a water moccasin (ally target) and a friendly quasit (summoned).

Vanquished Creatures
  Crazy Yiuf (D:3)
  An adder (D:2)
  2 dart slugs (D:2)
  5 ball pythons
  3 endoplasms (D:1)
  3 giant cockroaches (D:1)
  6 goblins
  5 hobgoblins
  4 jackals (D:3)
  3 kobolds
  3 quokkas
  4 bats
  4 frilled lizards
  2 rats (D:2)
46 creatures vanquished.

Notes
Turn   | Place    | Note
-------+----------+-------------------------------------------
     0 | D:1      | theswoord the Demonspawn Gladiator began the quest for the
                  | Orb.
     0 | D:1      | Reached XP level 1. HP: 16/16 MP: 1/1
   138 | D:1      | Reached skill level 3 in Axes
   148 | D:1      | Gained mutation: You have a small tail. [demonic ancestry]
   148 | D:1      | Reached XP level 2. HP: 7/22 MP: 2/2
   764 | D:2      | Gained mutation: You have a tail ending in a sharp stinger.
                  | [demonic ancestry]
   764 | D:2      | Reached XP level 3. HP: 27/27 MP: 2/3
   990 | D:2      | Found a faded altar of an unknown god.
  1012 | D:2      | Reached skill level 4 in Axes
  1603 | D:3      | Found a runed translucent door.
  1604 | D:3      | Noticed Crazy Yiuf
  1676 | D:3      | Killed Crazy Yiuf
  1677 | D:3      | Gained mutation: A weak demonic guardian rushes to your
                  | aid. [demonic ancestry]
  1677 | D:3      | Reached XP level 4. HP: 4/33 MP: 4/4
  1680 | D:3      | Identified the +7 hammer of Xom's Benevolence {venom,
                  | +Blink Int+8 Dex-3}
  1870 | D:3      | Noticed a water moccasin
  1881 | D:3      | Slain by a water moccasin

Skill      XL: |  1  2  3 |
---------------+----------+-----
Axes           | 3 4 |  4.7
Fighting       | |  2.0
Throwing       | |  1.7
Dodging        | |  2.6

Action                     |  1- 3 |  4- 6 || total
---------------------------+-------+-------++-------
  Melee: War axe           |    91 |    19 ||   110
         Punch             |     2 |       ||     2
         Tailslap          |     9 |       ||     9
  Throw: Throwing net      |     3 |       ||     3
    Use: Scroll            |     4 |     1 ||     5
         Potion            |       |     1 ||     1
   Stab: Sleeping          |     2 |       ||     2
         Held in net/web   |     1 |       ||     1
 Armour: Leather armour    |    30 |    10 ||    40
  Dodge: Dodged            |    75 |     9 ||    84

Levels and vault maps discovered:
D:1:      beargit_arrival_diablo_church, layout_rooms, st_stairs_11,
          nrook_campfire, kennysheep_pointless_box, minmay_misc_feat_five
D:2:      layout_loops_ring, shapermc_ecumenical_altar_starsandcircs
D:3:      layout_loops_ring, uniq_crazy_yiuf_cottage
